 Dungeon Crawl Stone Soup version 0.25-a0-1130-g3926558f3a (webtiles) character file.

Game seed: 10652398335132952953, levelgen mode: deterministic

134 MalarOregon the Skirmisher (level 4, -4/41 HPs)
             Began as a Draconian Monk on May 19, 2020.
             Killed from afar by Sigmund (8 damage)
             ... with a puff of flame
             ... on level 2 of the Dungeon.
             The game lasted 00:07:42 (2799 turns).

MalarOregon the Skirmisher (Draconian Monk)         Turns: 2799, Time: 00:07:42

Health: -4/41      AC:  5    Str: 12 (13) XL:     4   Next: 95%
Magic:  4/4        EV: 13    Int: 10 (11) God:
Gold:   92         SH:  0    Dex: 12 (14) Spells: 3/3 levels left

rFire    . . .     SeeInvis .   d - +2 flail
rCold    . . .     Gourm    .   (no shield)
rNeg     . . .     Faith    .   (armour unavailable)
rPois    .         Spirit   .   (helmet restricted)
rElec    .         Reflect  .   (no cloak)
rCorr    .         Harm     .   (no gloves)
MR       .....                  (no boots)
Stlth    ++........             (no amulet)
HPRegen  0.13/turn              (no ring)
MPRegen  0.09/turn              (no ring)

@: no status effects
A: unfitting armour, cold-blooded, AC +5
a: no special abilities


You were on level 2 of the Dungeon.
You were very hungry.

You visited 1 branch of the dungeon, and saw 3 of its levels.

You collected 92 gold pieces.

Inventory:

Hand Weapons
 a - a +0 mace
 d - a +2 flail (weapon)
   (You took it off a gnoll on level 1 of the Dungeon)
Missiles
 c - 75 stones (quivered)
Jewellery
 b - an uncursed amulet of guardian spirit
   (You found it on level 1 of the Dungeon)
 j - a +6 ring of strength {unknown}
   (You found it on level 1 of the Dungeon)
Scrolls
 f - 2 scrolls of identify {@r1}
Comestibles
 e - 6 rations {!d}


   Skills:
 + Level 4.5 Fighting
 + Level 4.0 Maces & Flails
 + Level 3.7 Dodging
 - Level 1.7 Stealth


You had 3 spell levels left.
You didn't know any spells.
Your spell library was empty.

Dungeon Overview and Level Annotations

Branches:
Dungeon (3/15)

Altars:
Qazlal

Annotations:
D:2 exclusion: ogre, Sigmund


Innate Abilities, Weirdness & Mutations

Your plain brown scales are hard. (AC +5)
You cannot fit into any form of body armour.
You are cold-blooded and may be slowed by cold attacks.


Message History

Aim: an orc, wielding a +0 trident and wearing a +0 leather armour (lightly wounded)
You throw a stone. The stone closely misses the orc.
The orc hits you from afar with a +0 trident.
* * * LOW HITPOINT WARNING * * *
Throwing (i - inventory)
c - 80 stones (quivered)
Aim: an orc, wielding a +0 trident and wearing a +0 leather armour (lightly wounded)
You throw a stone. The stone barely misses the orc.
Your extra speed is starting to run out.
You feel sick. The orc hits you but does no damage.
Throwing (i - inventory)
c - 79 stones (quivered)
Aim: an orc, wielding a +0 trident and wearing a +0 leather armour (lightly wounded)
You throw a stone. The stone hits the orc.
Throwing (i - inventory)
c - 78 stones (quivered)
Aim: an orc, wielding a +0 trident and wearing a +0 leather armour (moderately wounded)
You throw a stone.
The stone hits the orc but does no damage.
The orc hits you but does no damage.
Throwing (i - inventory)
c - 77 stones (quivered)
Aim: an orc, wielding a +0 trident and wearing a +0 leather armour (moderately wounded)
You throw a stone.
The stone hits the orc but does no damage.
The orc hits you but does no damage.
Throwing (i - inventory)
c - 76 stones (quivered)
Aim: an orc, wielding a +0 trident and wearing a +0 leather armour (moderately wounded)
You throw a stone.
The stone hits the orc but does no damage.
You feel less wooden. The orc barely misses you.
You feel sick.
You are feeling very hungry.
You feel yourself slow down.
You feel sick.
You are no longer poisoned.
There is a stone staircase leading up here.
You climb upwards.
Level annotation: exclusion: ogre, Sigmund
There is a stone staircase leading down here.
You start resting.
Sigmund is too close now for your liking.
Sigmund casts a spell at you. The magic dart hits you!
* * * LOW HITPOINT WARNING * * *
Sigmund gestures at you while chanting. The puff of flame hits you.
* * * LOW HITPOINT WARNING * * *
Sigmund breathes a few words.
Sigmund's hands start flickering wildly.
Sigmund points at you and mumbles some strange words.
The puff of flame hits you!
You die...

#.# *.####*********#.#,*
#.############.#..,,,,,,,,,,..#,,
...............#.#########**#.#,#
#.###########.##.#......<# #.#.#
#.# **#####....#.##########.#.#
#.# *.........................#
#.# *........)..###########.###
#.# *................@...##.#..
#.# *........<@.########.##.#.#
#.# *...........##>............
#.# *#####.#######@##.##.##.#.#
#.# *******#.*,,,,....#.##.##.#.#
#.# *,,,,,,..,,*####..#.##.##.#..
#.# *,,,,,.,,,,*,..@..#.##.##.###
#.# *,,,,,,,,,,*,*#...#.##.##.#
#.# *,,,,,,,,,,*,*#...#.##.##.###
#.# ******,,,,,,,,#..............


You could see Sigmund.

Vanquished Creatures
  An orc wizard (D:3)
  A gnoll (D:1)
  3 adders
  A worm (D:2)
  3 dart slugs
  3 leopard geckos
  4 orcs (D:3)
  A ball python (D:3)
  7 bats
  4 giant cockroaches (D:1)
  4 hobgoblins
  3 jackals (D:2)
  5 kobolds
  A quokka (D:2)
  2 frilled lizards
  7 goblins
  4 rats (D:1)
54 creatures vanquished.

Notes
Turn   | Place    | Note
-------+----------+-------------------------------------------
     0 | D:1      | MalarOregon the Draconian Monk began the quest for the Orb.
     0 | D:1      | Reached XP level 1. HP: 19/19 MP: 1/1
   230 | D:1      | Found a stormy altar of Qazlal.
   248 | D:1      | Reached XP level 2. HP: 26/26 MP: 2/2
  1006 | D:1      | Reached XP level 3. HP: 33/33 MP: 3/3
  1664 | D:2      | Noticed an ogre
  2317 | D:2      | Reached XP level 4. HP: 38/40 MP: 4/4
  2336 | D:2      | Noticed Sigmund
  2789 | D:2      | HP: 2/41 [Sigmund/puff of flame (3)]
  2799 | D:2      | Killed from afar by Sigmund

Illustrated notes

Levels and vault maps discovered:
D:1:      lemuel_arrival_muddy, layout_loops_ring, serial_glass,
          glass_columns_a, glass_columns_b, kennysheep_flooded_box
D:2:      layout_basic, first_ration, uniq_sigmund
D:3:      layout_loops_ring, kennysheep_donut, uniq_jessica

Skill      XL: |  1  2  3  4 |
---------------+-------------+-----
Dodging        | 3 |  3.7
Fighting       | 4 |  4.5
Maces & Flails | 4 |  4.0
Stealth        | |  1.7

Action                   |  1- 3 |  4- 6 || total
-------------------------+-------+-------++-------
Melee: Mace              |    66 |       ||    66
       Tailslap          |    18 |     1 ||    19
       Flail             |    77 |    55 ||   132
Throw: Stone             |     1 |    16 ||    17
  Use: Scroll            |       |     7 ||     7
       Potion            |       |     6 ||     6
 Stab: Sleeping          |     4 |     1 ||     5
  Eat: Chunk             |     5 |       ||     5
Armor: Skin              |    39 |    47 ||    86
Dodge: Dodged            |   115 |    41 ||   156

Table legend:
 A = Non-vault XP
 B = Vault XP
 C = Vault XP percentage of total XP
 D = Non-vault monster count
 E = Vault monster count
 F = Vault count percentage of total count
                 A         B        C        D         E       F
            +---------+---------+-------+---------+---------+-------
      Total |     192 |       0 |   0.0 |      54 |       0 |   0.0
            +---------+---------+-------+---------+---------+-------
        D:1 |      59 |       0 |   0.0 |      26 |       0 |   0.0
        D:2 |      39 |       0 |   0.0 |      15 |       0 |   0.0
        D:3 |      94 |       0 |   0.0 |      13 |       0 |   0.0
            +---------+---------+-------+---------+---------+-------
